[Event "Titled Tuesday Blitz October 25 Late 2022"]
[White "Burke, Paul"]
[Black "Floresvillar Gonzalez, Luis Migu"]
[WhiteFideId "2605767"]
[BlackFideId "5100542"]
[WhiteElo "1844"]
[BlackElo "2040"]
[Result "1-0"]
[Round "07"]
[TimeControl "180+1"]
[Date "2022.10.26"]
[WhiteClock "0:00:44"]
[BlackClock "0:01:08"]

1. e4 c5 2. d4 cxd4 3. c3 d3 4. Bxd3 d6 5. Nf3 Nc6 6. Bc4 e6 7. Qe2 Be7 8. O-O Nf6 9. Rd1 Qc7 10. Na3 a6 11. Bd3 b5 12. Bg5 O-O 13. Rac1 Bb7 14. Bxf6 Bxf6 15. Bxb5 axb5 16. Nxb5 Qb6 17. Rxd6 Rxa2 18. e5 Be7 19. Rd7 Rfa8 20. Rcd1 Ra1 21. h3 Rxd1+ 22. Rxd1 Ba6 23. c4 Bxb5 24. cxb5 Nb4 25. Rd7 Nd5 26. Qc4 h6 27. Nd4 Bc5 28. Nc6 Bxf2+ 29. Kh2 Be3 30. g3 Bg5 31. Qf1 Ra2 32. Qxf7+ 1-0


[Site "https://www.chess.com"]

[Event "Titled Tuesday Blitz October 25 Late 2022"]
[White "Buscar, Michael"]
[Black "Gogolev, Artem"]
[WhiteFideId "2603616"]
[BlackFideId "4116615"]
[WhiteElo "2010"]
[BlackElo "2178"]
[Result "1/2-1/2"]
[Round "07"]
[TimeControl "180+1"]
[Date "2022.10.26"]
[WhiteClock "0:00:49"]
[BlackClock "0:00:22"]

1. Nf3 g6 2. g3 Bg7 3. Bg2 d5 4. d4 Nf6 5. c4 O-O 6. O-O c6 7. cxd5 cxd5 8. Nc3 Qb6 9. Qb3 Qxb3 10. axb3 Nc6 11. Bf4 Bf5 12. Ra4 Rfc8 13. Ne5 e6 14. Rfa1 a6 15. Nxc6 Rxc6 16. b4 Bc2 17. R4a3 Rac8 18. b5 axb5 19. Nxb5 Bf8 20. Ra8 Kg7 21. Be5 Be7 22. R1a7 Rxa8 23. Rxa8 Rb6 24. Nc7 Rxb2 25. Ne8+ Kh6 26. Nxf6 Rb1+ 27. Bf1 Bf5 28. g4 Bxf6 29. gxf5 Bxe5 30. dxe5 gxf5 31. Kg2 Rb4 32. e3 Re4 33. Rb8 Rxe5 34. Rxb7 Kg7 35. Rb4 Re4 36. Rxe4 fxe4 37. Kg3 e5 38. Bh3 Kg6 39. Bd7 f5 40. Bc6 d4 41. exd4 exd4 42. Kf4 e3 43. fxe3 dxe3 44. Kxe3 h5 45. Kf4 h4 46. Bd7 Kf6 47. Be8 Kg7 48. Kg5 Kh8 49. Kxh4 f4 50. Bb5 f3 51. Bf1 f2 52. Kg3 Kg7 53. Kxf2 Kh8 54. Kg3 Kg7 55. Kg4 Kh8 56. Kg5 Kg7 57. Kh5 Kh8 58. Kh6 Kg8 1/2-1/2


[Site "https://www.chess.com"]

[Event "Titled Tuesday Blitz October 25 Late 2022"]
[White "Celestino, Rafael Teixeira"]
[Black "Lawson, Eric"]
[WhiteFideId "2108925"]
[BlackFideId "2604116"]
[WhiteElo "2442"]
[BlackElo "2546"]
[Result "0-1"]
[Round "07"]
[TimeControl "180+1"]
[Date "2022.10.26"]
[WhiteClock "0:00:18"]
[BlackClock "0:01:02"]

1. e4 c5 2. Nf3 d6 3. Bc4 Nc6 4. d4 cxd4 5. Nxd4 Nf6 6. Nc3 a6 7. O-O Nxd4 8. Qxd4 e6 9. Bg5 Be7 10. Rad1 Qc7 11. Rfe1 O-O 12. Bd3 e5 13. Qe3 Ng4 14. Qd2 Bxg5 15. Qxg5 Nf6 16. Re3 h6 17. Qh4 Be6 18. Rf3 Kh7 19. Rxf6 gxf6 20. Nd5 Qd8 21. Nxf6+ Kg6 22. f4 Qxf6 23. f5+ Kg7 24. Qg3+ Qg5 25. Qh3 Bd7 26. Rf1 Kf6 27. Rf3 Rg8 28. Rg3 Qc1+ 29. Kf2 Qd2+ 30. Kf1 Rxg3 31. hxg3 Bb5 32. Qh4+ Qg5 33. Qh1 Bxd3+ 34. cxd3 Qc1+ 0-1


[Site "https://www.chess.com"]

[Event "Titled Tuesday Blitz October 25 Late 2022"]
[White "Chigaev, Maksim"]
[Black "Putnam, Liam"]
[WhiteFideId "4108116"]
[BlackFideId "30938279"]
[WhiteElo "2537"]
[BlackElo "2082"]
[Result "0-1"]
[Round "07"]
[TimeControl "180+1"]
[Date "2022.10.26"]
[WhiteClock "0:00:04"]
[BlackClock "0:00:04"]

1. Nf3 d5 2. c4 d4 3. b4 c5 4. g3 Nf6 5. Bg2 Qc7 6. O-O e5 7. bxc5 Bxc5 8. d3 O-O 9. a4 Re8 10. Ba3 Nbd7 11. Nfd2 Rb8 12. Nb3 Bxa3 13. Nxa3 a6 14. a5 Nc5 15. Nxc5 Qxc5 16. Nc2 b5 17. axb6 Rxb6 18. Qc1 Bg4 19. Re1 Reb8 20. h3 Bc8 21. Qa3 Qc7 22. Qa5 Qe7 23. e3 Rb2 24. Rac1 dxe3 25. Nxe3 h6 26. c5 R2b5 27. Qc3 Rb3 28. Qa1 Rxd3 29. c6 e4 30. Rb1 Rxb1 31. Rxb1 Qc7 32. Rc1 Rd6 33. Qa4 Bd7 34. Qxa6 Rxc6 35. Qa8+ Kh7 36. Rf1 g6 37. Qa2 Kg7 38. Qa1 Be6 39. Bxe4 Rc5 40. Bg2 Qe5 41. Qa3 h5 42. Re1 Rc3 43. Qa1 Qc5 44. Kh2 h4 45. gxh4 Qe5+ 46. Kg1 Qd4 47. Rd1 Qc5 48. Re1 Ra3 49. Ng4 Rxa1 0-1


[Site "https://www.chess.com"]

[Event "Titled Tuesday Blitz October 25 Late 2022"]
[White "Curtis, John"]
[Black "Barash, Anton"]
[WhiteFideId "3200256"]
[BlackFideId "30935229"]
[WhiteElo "2203"]
[BlackElo "2279"]
[Result "1-0"]
[Round "07"]
[TimeControl "180+1"]
[Date "2022.10.26"]
[WhiteClock "0:01:01"]
[BlackClock "0:00:03"]

1. e4 e6 2. d4 d5 3. Nc3 Bb4 4. e5 c5 5. a3 Bxc3+ 6. bxc3 Ne7 7. Bd3 Qa5 8. Qd2 c4 9. Be2 Bd7 10. a4 Nbc6 11. Ba3 O-O-O 12. Bb4 Qa6 13. a5 f6 14. Nf3 fxe5 15. Nxe5 Nxe5 16. Bxe7 Rde8 17. Bd6 Qxd6 18. dxe5 Qxe5 19. O-O Qc7 20. Qd4 Kb8 21. Qxg7 Reg8 22. Qd4 e5 23. Qe3 Bc6 24. g3 h5 25. Bf3 h4 26. Bg2 hxg3 27. fxg3 Rh5 28. Rf2 Rgh8 29. Raf1 Qg7 30. Rf7 Qh6 31. Qc5 Rxh2 32. Rf8+ Rxf8 33. Qxf8+ 1-0


[Site "https://www.chess.com"]

[Event "Titled Tuesday Blitz October 25 Late 2022"]
[White "Czernek, Tymon"]
[Black "Barbero Sendic, Alejandro"]
[WhiteFideId "1199510"]
[BlackFideId "3001288"]
[WhiteElo "2240"]
[BlackElo "2314"]
[Result "0-1"]
[Round "07"]
[TimeControl "180+1"]
[Date "2022.10.26"]
[WhiteClock "0:01:17"]
[BlackClock "0:01:49"]

1. e4 g6 2. d4 Bg7 3. Nc3 d6 4. f4 Nf6 5. Nf3 O-O 6. Be2 c5 7. dxc5 dxc5 8. Qxd8 Rxd8 9. Be3 b6 10. h3 Nc6 11. O-O Nb4 12. Rac1 Bb7 13. a3 Nc6 14. e5 Nd5 15. Nxd5 Rxd5 16. Bc4 Rdd8 17. Ng5 e6 18. g4 Nd4 19. f5 h6 20. Bxd4 Rxd4 21. fxe6 hxg5 22. exf7+ Kf8 0-1


[Site "https://www.chess.com"]

[Event "Titled Tuesday Blitz October 25 Late 2022"]
[White "Dardha, Daniel"]
[Black "Ibarra Jerez, Jose Carlos"]
[WhiteFideId "240990"]
[BlackFideId "2226332"]
[WhiteElo "2528"]
[BlackElo "2627"]
[Result "1-0"]
[Round "07"]
[TimeControl "180+1"]
[Date "2022.10.26"]
[WhiteClock "0:00:58"]
[BlackClock "0:00:12"]

1. e4 c5 2. Nf3 Nc6 3. Bb5 e6 4. Bxc6 bxc6 5. d3 Qc7 6. h4 e5 7. h5 h6 8. Qe2 Nf6 9. Nbd2 d6 10. Nh4 Bg4 11. f3 Be6 12. g4 Be7 13. Nc4 Nd7 14. Nf5 Bxf5 15. gxf5 Bg5 16. Bd2 f6 17. O-O-O Nb6 18. Kb1 O-O-O 19. Ba5 Kb7 20. c3 d5 21. Nd2 Ka6 22. Nb3 Qe7 23. d4+ c4 24. Bb4 c5 25. dxc5 Nc8 26. Rxd5 Qc7 27. Qxc4+ Kb7 28. Rhd1 Rxd5 29. exd5 Ka8 30. d6 Qc6 31. Qe4 Qxe4+ 32. fxe4 Rd8 33. c6 Nb6 34. d7 1-0


[Site "https://www.chess.com"]

[Event "Titled Tuesday Blitz October 25 Late 2022"]
[White "Deac, Bogdan-Daniel"]
[Black "Rustemov, Alexander"]
[WhiteFideId "1226380"]
[BlackFideId "4119002"]
[WhiteElo "2648"]
[BlackElo "2804"]
[Result "1-0"]
[Round "07"]
[TimeControl "180+1"]
[Date "2022.10.26"]
[WhiteClock "0:00:08"]
[BlackClock "0:00:20"]

1. Nf3 d5 2. g3 Nf6 3. Bg2 c6 4. O-O Bf5 5. d3 e6 6. c4 dxc4 7. dxc4 Qxd1 8. Rxd1 Bc2 9. Re1 Bb4 10. Bd2 a5 11. Rc1 Bg6 12. Bf4 Nbd7 13. Nc3 Ke7 14. a3 Bd6 15. Bxd6+ Kxd6 16. b4 Kc7 17. b5 e5 18. c5 e4 19. Nd4 Rhd8 20. bxc6 bxc6 21. e3 Ne5 22. Nce2 Nd3 23. Rc2 Rab8 24. Nf4 Ne5 25. Nxg6 hxg6 26. h3 Nd3 27. g4 Rd5 28. Bf1 Rxc5 29. Bxd3 Rxc2 30. Bxc2 c5 31. Nb3 Kd6 32. Nxa5 g5 33. Rd1+ Kc7 34. Nc4 Re8 35. a4 Re6 36. a5 Nd7 37. Bb3 Nb8 38. Nb6 Re8 39. Bxf7 Rf8 40. Bg6 Nc6 41. Rd7+ Kb8 42. Bxe4 Nxa5 43. Rxg7 c4 44. Nd7+ 1-0


[Site "https://www.chess.com"]

[Event "Titled Tuesday Blitz October 25 Late 2022"]
[White "Djokic, Mihailo"]
[Black "Kravtsiv, Martyn"]
[WhiteFideId "976440"]
[BlackFideId "14113147"]
[WhiteElo "2315"]
[BlackElo "2694"]
[Result "1-0"]
[Round "07"]
[TimeControl "180+1"]
[Date "2022.10.26"]
[WhiteClock "0:00:14"]
[BlackClock "0:00:13"]

1. e4 e5 2. Nf3 Nc6 3. Nc3 Nf6 4. Bb5 Bb4 5. O-O O-O 6. d3 Bxc3 7. bxc3 d6 8. Re1 Bd7 9. d4 Re8 10. Bg5 h6 11. Bh4 a6 12. Ba4 b5 13. Bb3 Na5 14. Bxf6 gxf6 15. Qd2 Kg7 16. Re3 Nxb3 17. axb3 Rg8 18. Rd1 Kh7 19. Kf1 Bg4 20. Ra1 a5 21. Rd3 Qe7 22. d5 Bd7 23. c4 bxc4 24. bxc4 a4 25. h3 f5 26. exf5 Qf6 27. Re3 Bxf5 28. Raa3 Rg6 29. c5 Bd7 30. c6 Bc8 31. Ne1 Qg5 32. c4 Qf4 33. Qc2 Bf5 34. Qc3 Qh2 35. Rg3 Rb8 36. Rxg6 Bxg6 37. Rxa4 Rb1 38. Ra1 Bd3+ 39. Qxd3+ 1-0


[Site "https://www.chess.com"]

[Event "Titled Tuesday Blitz October 25 Late 2022"]
[White "Djordjevic, Dejan N"]
[Black "Wieczorek, Zbigniew"]
[WhiteFideId "913316"]
[BlackFideId "1102001"]
[WhiteElo "2262"]
[BlackElo "2351"]
[Result "0-1"]
[Round "07"]
[TimeControl "180+1"]
[Date "2022.10.26"]
[WhiteClock "0:01:14"]
[BlackClock "0:01:38"]

1. e4 g6 2. d4 Bg7 3. g3 c6 4. Bg2 d5 5. e5 f6 6. f4 Nh6 7. h3 O-O 8. Ne2 fxe5 9. dxe5 e6 10. O-O c5 11. c3 Nc6 12. Be3 b6 13. Bf2 Bb7 14. Nd2 Qe7 15. Nf3 Rad8 16. Ng5 Nxe5 17. Re1 Nc4 18. b3 Nd6 19. Rc1 Qf6 20. Qd2 Nhf7 21. Nxf7 Qxf7 22. Qe3 Rde8 23. Kh2 e5 24. Qd3 e4 25. Qd2 h5 26. h4 Nf5 27. Ng1 d4 28. cxd4 cxd4 0-1


[Site "https://www.chess.com"]

[Event "Titled Tuesday Blitz October 25 Late 2022"]
[White "Djordjevic, Vuk"]
[Black "Rostomyan, Mikayel"]
[WhiteFideId "902098"]
[BlackFideId "13313754"]
[WhiteElo "2456"]
[BlackElo "2018"]
[Result "1-0"]
[Round "07"]
[TimeControl "180+1"]
[Date "2022.10.26"]
[WhiteClock "0:00:13"]
[BlackClock "0:00:05"]

1. d4 Nf6 2. Bg5 c5 3. Bxf6 gxf6 4. dxc5 e5 5. Nd2 Bxc5 6. e3 d5 7. Ngf3 Nc6 8. a3 e4 9. Nh4 Be6 10. Qh5 Qb6 11. b4 Bxb4 12. axb4 Nxb4 13. Qd1 Rc8 14. Rc1 Qc6 15. c3 Na2 16. Rc2 Nxc3 17. Qc1 b5 18. Nb3 b4 19. Nd4 Qb6 20. Bb5+ Kf8 21. O-O Rg8 22. Qb2 a5 23. Be2 Rg5 24. Ra1 Bg4 25. Bxg4 Rxg4 26. Nhf5 Qc5 27. Nb3 Qc4 28. Nxa5 Qd3 29. Rd2 Ne2+ 30. Rxe2 Rc3 31. Rd2 Qb5 32. Nd4 Qb6 33. Nab3 Rxg2+ 34. Kxg2 Qd6 35. Kh1 f5 36. Rg1 Ke7 37. Qb1 Kf6 38. Qf1 Qe5 39. Qh3 Ke7 40. Qxf5 Kd6 41. Qxe5+ Kxe5 42. Rg5+ Kf6 43. Rf5+ Ke7 44. Rxd5 Rc4 45. Kg2 Rc3 46. Re5+ Kf6 47. Rxe4 Kg7 48. Rf4 Kf8 49. Kf3 Ke7 50. Nf5+ Kf6 51. Rd6+ Ke5 52. Nbd4 b3 53. Re4# 1-0


[Site "https://www.chess.com"]

[Event "Titled Tuesday Blitz October 25 Late 2022"]
[White "Ezat, Mohamed"]
[Black "Lorenzo De La Riva, Lazaro"]
[WhiteFideId "10600906"]
[BlackFideId "2268809"]
[WhiteElo "2386"]
[BlackElo "2325"]
[Result "1-0"]
[Round "07"]
[TimeControl "180+1"]
[Date "2022.10.26"]
[WhiteClock "0:00:31"]
[BlackClock "0:00:13"]

1. e3 d5 2. d4 e6 3. c4 Nf6 4. Nc3 Nbd7 5. Bd3 c6 6. Nf3 dxc4 7. Bxc4 b5 8. Bd3 Bb7 9. O-O a6 10. e4 c5 11. d5 Qc7 12. dxe6 fxe6 13. e5 Ng4 14. Bf4 O-O-O 15. Bxb5 Ndxe5 16. Nxe5 Rxd1 17. Raxd1 Nxe5 18. Bd3 g5 19. Bg3 h5 20. Be4 h4 21. Bxe5 Qxe5 22. Bxb7+ Kxb7 23. Rfe1 Qf5 24. Ne4 Kc6 25. Rd8 Bg7 26. Rd6+ Kc7 27. Rxa6 Bd4 28. b4 Rf8 29. Re2 Bxf2+ 30. Rxf2 Qxe4 31. Rxf8 Qe3+ 32. Rf2 Qe1+ 33. Rf1 Qe3+ 34. Kh1 c4 35. b5 c3 36. Rc6+ Kb7 37. a4 h3 38. a5 Qe4 39. a6+ Kb8 40. Rf8+ Ka7 41. Rf7+ Kb8 42. a7+ Ka8 43. Rc8# 1-0


[Site "https://www.chess.com"]

[Event "Titled Tuesday Blitz October 25 Late 2022"]
[White "Faizrakhmanov, Ramil"]
[Black "Kisic, Bozidar"]
[WhiteFideId "24103209"]
[BlackFideId "16500350"]
[WhiteElo "2421"]
[BlackElo "2233"]
[Result "1-0"]
[Round "07"]
[TimeControl "180+1"]
[Date "2022.10.26"]
[WhiteClock "0:00:54"]
[BlackClock "0:00:23"]

1. d4 d5 2. c4 e6 3. Nf3 dxc4 4. e3 b5 5. a4 c6 6. b3 Bb4+ 7. Bd2 Bxd2+ 8. Nfxd2 a5 9. axb5 cxb5 10. bxc4 b4 11. Be2 Nf6 12. Bf3 Ra7 13. O-O O-O 14. c5 Ba6 15. Re1 Nd5 16. Qc2 Nc6 17. Nc4 Bxc4 18. Qxc4 Qb8 19. Bxd5 exd5 20. Qxd5 Rc8 21. Qb3 Ne7 22. Nd2 Ra6 23. Nc4 Rh6 24. h3 Nf5 25. Ne5 Rf8 26. Nd7 Qd8 27. Nxf8 Qg5 28. e4 Rg6 29. Nxg6 Nxd4 30. Qg3 1-0


[Site "https://www.chess.com"]

[Event "Titled Tuesday Blitz October 25 Late 2022"]
[White "Fajdetic, Hrvoje"]
[Black "Brown, Andrew"]
[WhiteFideId "14501945"]
[BlackFideId "3206513"]
[WhiteElo "2172"]
[BlackElo "2245"]
[Result "0-1"]
[Round "07"]
[TimeControl "180+1"]
[Date "2022.10.26"]
[WhiteClock "0:00:04"]
[BlackClock "0:00:04"]

1. b3 g6 2. Bb2 Nf6 3. g3 Bg7 4. Bg2 d5 5. d3 c5 6. Nd2 Nc6 7. e4 O-O 8. Ne2 e5 9. O-O Be6 10. h3 Qd7 11. Kh2 Rad8 12. f4 dxe4 13. fxe5 exd3 14. exf6 dxe2 15. Qxe2 Qxd2 16. Qxd2 Rxd2 17. fxg7 Rfd8 18. Bf6 Bd5 19. Rg1 Rd6 20. Rad1 Rxc2 21. Rxd5 Rxd5 22. Re1 Re5 23. Bxe5 Nxe5 24. Rxe5 Kxg7 25. a4 Kf6 26. Re3 b6 27. g4 h5 28. gxh5 gxh5 29. Kg3 c4 30. bxc4 Rxc4 31. Rf3+ Ke5 32. Re3+ Kd6 33. Re4 Rc3+ 34. Kh4 f5 35. Rf4 Ke5 36. Rb4 a5 37. Rb5+ Kf4 38. Kxh5 Rc8 39. Kh6 Rg8 40. Bd5 Rd8 41. Be6 Rd6 42. Rxf5+ Ke4 43. Rf6 Ke5 44. Rg6 Rxe6 45. Rxe6+ Kxe6 46. Kg7 b5 47. axb5 a4 48. b6 Kd6 49. h4 a3 50. h5 a2 51. h6 a1=Q+ 52. Kg8 Qa2+ 53. Kg7 Qb2+ 54. Kg8 Qg2+ 55. Kh8 Qa8+ 56. Kg7 Ke7 57. h7 Qf8+ 58. Kg6 Qf6+ 59. Kh5 Kd7 60. b7 Kc7 0-1


[Site "https://www.chess.com"]

[Event "Titled Tuesday Blitz October 25 Late 2022"]
[White "Fernandez De La Vara, Arnaldo"]
[Black "Hansen, Eric"]
[WhiteFideId "3518388"]
[BlackFideId "2606771"]
[WhiteElo "2387"]
[BlackElo "2568"]
[Result "0-1"]
[Round "07"]
[TimeControl "180+1"]
[Date "2022.10.26"]
[WhiteClock "0:00:23"]
[BlackClock "0:00:58"]

1. Nf3 d5 2. b3 Bg4 3. Bb2 Nd7 4. g3 Bxf3 5. exf3 e6 6. Bg2 c6 7. O-O Ngf6 8. d4 a5 9. a4 c5 10. f4 cxd4 11. Qxd4 Bc5 12. Qd3 O-O 13. Nd2 Rc8 14. Nf3 Ne4 15. Ne5 Ndf6 16. Qb5 Nxf2 17. Ba3 Bxa3 18. Rxa3 N2g4 19. c4 dxc4 20. h3 Ne3 21. bxc4 Nxf1 22. Bxf1 Qd4+ 23. Kh2 h5 24. Nf3 Qf2+ 25. Bg2 Qc5 26. Qxc5 Rxc5 27. Ne5 Rd8 28. Rb3 Rc7 29. Rb5 h4 30. Rxa5 Nh5 31. gxh4 Nxf4 32. Bf3 f6 33. Ng4 Rd3 34. Be4 Rxh3+ 35. Kg1 Rg3+ 36. Kf2 Rxg4 37. Ra8+ Kf7 38. Kf3 f5 39. Rb8 Rxc4 40. Rxb7+ Kf6 41. Bb1 Rc3+ 0-1


[Site "https://www.chess.com"]

[Event "Titled Tuesday Blitz October 25 Late 2022"]
[White "Ferreira, Vitor Hugo Vieira"]
[Black "Jaferian, Koosha"]
[WhiteFideId "2119765"]
[BlackFideId "12507440"]
[WhiteElo "2168"]
[BlackElo "2127"]
[Result "1/2-1/2"]
[Round "07"]
[TimeControl "180+1"]
[Date "2022.10.26"]
[WhiteClock "0:01:46"]
[BlackClock "0:01:15"]

1. Nf3 d5 2. g3 g6 3. Bg2 Bg7 4. O-O e5 5. c4 c6 6. cxd5 cxd5 7. d3 Ne7 8. e4 Nbc6 9. Nc3 O-O 10. exd5 Nxd5 11. Nxe5 Nxc3 12. Nxc6 bxc6 13. bxc3 Bxc3 14. Ba3 Bxa1 15. Bxf8 Qxf8 16. Bxc6 Bh3 17. Qxa1 Bxf1 18. Bxa8 Bxd3 19. Qd4 Qa3 20. Qd8+ Kg7 21. Qd4+ Kg8 22. Qd8+ Kg7 23. Qd4+ f6 24. Qd7+ Kh6 25. Qh3+ Kg7 26. Qd7+ Kh6 27. Qh3+ Kg7 28. Qd7+ 1/2-1/2


[Site "https://www.chess.com"]

[Event "Titled Tuesday Blitz October 25 Late 2022"]
[White "Firouzja, Alireza"]
[Black "Pap, Gyula"]
[WhiteFideId "12573981"]
[BlackFideId "725323"]
[WhiteElo "2903"]
[BlackElo "2519"]
[Result "1-0"]
[Round "07"]
[TimeControl "180+1"]
[Date "2022.10.26"]
[WhiteClock "0:00:18"]
[BlackClock "0:00:01"]

1. d4 e6 2. c4 Bb4+ 3. Bd2 Bxd2+ 4. Nxd2 d5 5. e3 Nf6 6. Ngf3 O-O 7. cxd5 exd5 8. Bd3 c6 9. O-O Bg4 10. Qc2 Bxf3 11. gxf3 a5 12. Kh1 Na6 13. a3 Nc7 14. Rg1 Ne6 15. f4 Kh8 16. Nf3 Qe7 17. Ne5 c5 18. dxc5 Nxc5 19. Bf5 Rad8 20. Rad1 Nce4 21. f3 Nd6 22. Bh3 Nc4 23. Nxc4 dxc4 24. Qc3 b5 25. e4 Nh5 26. Qe3 Qf6 27. f5 Rxd1 28. Rxd1 Qxb2 29. Bf1 Qe5 30. Rd5 Qa1 31. Kg2 c3 32. Rc5 b4 33. axb4 axb4 34. e5 Qb2+ 35. Kg1 c2 36. e6 Nf6 37. exf7 b3 38. Rc7 h6 39. Qc5 Rxf7 40. Rc8+ Kh7 41. Kh1 c1=Q 42. Qxc1 Qxc1 43. Rxc1 b2 44. Rb1 Rb7 45. Bc4 Rb4 46. Be6 Nh5 47. Kg2 Nf4+ 48. Kf2 Nd3+ 49. Ke3 Nc5 50. Bd5 Na4 51. Kd3 Rh4 52. Bc6 h5 53. Ke3 1-0


[Site "https://www.chess.com"]

[Event "Titled Tuesday Blitz October 25 Late 2022"]
[White "Gardezi, Arsal"]
[Black "Arbunic Castro, Giovanna"]
[WhiteFideId "30949521"]
[BlackFideId "3400549"]
[WhiteElo "1906"]
[BlackElo "1929"]
[Result "1-0"]
[Round "07"]
[TimeControl "180+1"]
[Date "2022.10.26"]
[WhiteClock "0:00:31"]
[BlackClock "0:00:02"]

1. e4 g6 2. d4 Bg7 3. Nf3 c5 4. Nc3 Qa5 5. Be3 Nf6 6. Qd2 Ng4 7. dxc5 Nxe3 8. Qxe3 O-O 9. Bc4 Na6 10. Bxa6 Qxa6 11. Nd5 Re8 12. c3 Qc6 13. O-O d6 14. Nd4 Qxc5 15. Qe2 e6 16. b4 exd5 17. bxc5 Rxe4 18. Qb5 dxc5 19. Qxc5 Be6 20. Nxe6 fxe6 21. Rab1 b6 22. Qc6 Rf8 23. Rfe1 Rc4 24. Qxe6+ Kh8 25. Qxd5 Rxc3 26. Re7 Rc2 27. Rbe1 Rcxf2 28. Rxg7 Kxg7 29. Qd4+ Kg8 30. Qxf2 Rxf2 31. Kxf2 Kf7 32. Rc1 Ke6 33. Rc7 Kd5 34. Rxa7 1-0


[Site "https://www.chess.com"]

[Event "Titled Tuesday Blitz October 25 Late 2022"]
[White "Gedgafov, Chamal"]
[Black "Buchenau, Frank"]
[WhiteFideId "34130621"]
[BlackFideId "4604350"]
[WhiteElo "2067"]
[BlackElo "2157"]
[Result "1-0"]
[Round "07"]
[TimeControl "180+1"]
[Date "2022.10.26"]
[WhiteClock "0:02:05"]
[BlackClock "0:00:57"]

1. c4 e5 2. g3 Nf6 3. Bg2 c6 4. Nc3 d5 5. cxd5 cxd5 6. Nf3 d4 7. Nb5 Nc6 8. O-O a6 9. Na3 e4 10. Ne1 Bf5 11. d3 Be7 12. Bg5 exd3 13. exd3 O-O 14. Nc4 h6 15. Bxf6 Bxf6 16. Bxc6 bxc6 17. Ng2 Re8 18. Re1 Qc7 19. Rc1 Bg5 20. Rc2 c5 21. Rce2 Rxe2 22. Qxe2 a5 23. Qf3 Qc8 24. Nd6 Bg4 25. Qxf7+ 1-0


[Site "https://www.chess.com"]

[Event "Titled Tuesday Blitz October 25 Late 2022"]
[White "Goltsev, Dmitry"]
[Black "Roman, Rodrigo"]
[WhiteFideId "24176710"]
[BlackFideId "3701220"]
[WhiteElo "2257"]
[BlackElo "2001"]
[Result "1-0"]
[Round "07"]
[TimeControl "180+1"]
[Date "2022.10.26"]
[WhiteClock "0:01:24"]
[BlackClock "0:00:02"]

1. e4 c5 2. Nf3 Nc6 3. d4 cxd4 4. Nxd4 e5 5. Nb5 d6 6. N1c3 a6 7. Na3 b5 8. Nd5 Nge7 9. Be3 Nxd5 10. exd5 Ne7 11. c4 Nf5 12. cxb5 Be7 13. Bd3 O-O 14. O-O Nxe3 15. fxe3 e4 16. Bxe4 Bf6 17. bxa6 Qe7 18. Qc2 g6 19. Bd3 Be5 20. Nc4 Bxa6 21. Nxe5 Qxe5 22. Bxa6 Qxe3+ 23. Qf2 Qxf2+ 24. Rxf2 Rxa6 25. a4 Rb8 26. Rd2 Rb4 27. b3 Rxb3 28. Rc2 Rb4 29. Rc8+ Kg7 30. Rc7 Raxa4 31. Rf1 Rf4 32. Rxf4 Rxf4 33. Rd7 Rf6 34. g3 Kf8 35. Kg2 Ke8 36. Ra7 Rf5 37. Ra5 Re5 38. Kf3 Ke7 39. Kf4 Kf6 40. h4 h6 41. g4 g5+ 42. hxg5+ hxg5+ 43. Kf3 Kg6 44. Rb5 Kg7 45. Ra5 Kf8 46. Ra8+ Ke7 47. Ra7+ Kf6 48. Ra5 Re7 49. Ra4 Rc7 50. Ke4 Rc1 51. Ra6 Re1+ 52. Kd4 Rd1+ 53. Ke4 Re1+ 54. Kd4 Rg1 55. Rxd6+ Ke7 56. Ra6 Rxg4+ 57. Ke5 Rf4 58. Ra7+ Ke8 59. Rb7 Rf1 60. d6 g4 61. Rb4 g3 62. Rg4 Rf3 63. Kd5 Kd7 64. Rg7 Rd3+ 65. Ke5 1-0


[Site "https://www.chess.com"]

[Event "Titled Tuesday Blitz October 25 Late 2022"]
[White "Goncalves, Davi Sulzbacher"]
[Black "Korchmar, Vasiliy"]
[WhiteFideId "2154510"]
[BlackFideId "24131750"]
[WhiteElo "2182"]
[BlackElo "2370"]
[Result "1/2-1/2"]
[Round "07"]
[TimeControl "180+1"]
[Date "2022.10.26"]
[WhiteClock "0:00:04"]
[BlackClock "0:00:04"]

1. Nf3 d5 2. g3 g6 3. Bg2 Bg7 4. d4 Nf6 5. O-O O-O 6. c4 c6 7. cxd5 cxd5 8. Nc3 Ne4 9. Bf4 Nxc3 10. bxc3 Nc6 11. Rb1 b6 12. Qa4 Bb7 13. Ne5 Nxe5 14. Bxe5 Bxe5 15. dxe5 Qc7 16. c4 dxc4 17. Bxb7 Qxb7 18. Qxc4 Rac8 19. Qa4 Rc5 20. e6 fxe6 21. Rbd1 Rd5 22. e4 Rd6 23. Rxd6 exd6 24. Rd1 Qf7 25. Qc2 d5 26. h4 Qf3 27. exd5 exd5 28. Qd2 Kg7 29. Qd4+ Kh6 30. Rd3 Qe2 31. Rd2 Qe4 32. Qxd5 Qxd5 33. Rxd5 Rf7 34. f4 Kg7 35. Kf2 h5 36. Ke3 Re7+ 37. Kd4 Kf6 38. Rd6+ Kf5 39. Rd5+ Kf6 40. Rd6+ Re6 41. Rd7 a6 42. Rd5 b5 43. a3 Rb6 44. Kc5 Re6 45. Kb4 Re4+ 46. Kc5 Re3 47. Rd6+ Kf5 48. Rd5+ Kf6 49. Rd6+ Kf5 50. Rd5+ Ke6 51. Rd6+ Kf7 52. Rd7+ Kf6 53. Rd6+ 1/2-1/2


[Site "https://www.chess.com"]

[Event "Titled Tuesday Blitz October 25 Late 2022"]
[White "Gonzalez, Francisco Silva"]
[Black "Clawitter, Craig"]
[WhiteFideId "1512285"]
[BlackFideId "2023105"]
[WhiteElo "2159"]
[BlackElo "2257"]
[Result "1-0"]
[Round "07"]
[TimeControl "180+1"]
[Date "2022.10.26"]
[WhiteClock "0:00:23"]
[BlackClock "0:00:02"]

1. d4 e6 2. c4 Nf6 3. Nc3 d5 4. Bg5 dxc4 5. e3 c5 6. Bxc4 cxd4 7. exd4 Be7 8. Nf3 Nc6 9. O-O O-O 10. a3 b6 11. Re1 Bb7 12. Ba2 Rc8 13. d5 Nxd5 14. Nxd5 Bxg5 15. Nxg5 Qxg5 16. Ne3 Rfd8 17. Qa4 Rd2 18. Rab1 Qf6 19. Ng4 Qd4 20. Re4 Qxa4 21. Rxa4 a6 22. h3 b5 23. Rf4 Nd4 24. Kh2 h5 25. Ne5 f6 26. Rxd4 Rxd4 27. Bxe6+ Kf8 28. Ng6+ Ke8 29. Bxc8 Bxc8 30. Re1+ Kd8 31. Kg1 Rd2 32. b4 Rd3 33. Re3 Rxe3 34. fxe3 Bf5 35. Nf4 g6 36. Kf2 Kd7 37. Kf3 h4 38. e4 Be6 39. Nxg6 Kd6 40. Ke3 f5 41. Nxh4 fxe4 42. Kxe4 Bd5+ 43. Kd4 Bc6 44. g4 a5 45. bxa5 Bd7 46. Nf5+ Kc6 47. h4 Kb7 48. h5 Be8 1-0


[Site "https://www.chess.com"]

[Event "Titled Tuesday Blitz October 25 Late 2022"]
[White "Goroshkov, Maksym"]
[Black "Estrada Nieto, Julian"]
[WhiteFideId "14142716"]
[BlackFideId "5101018"]
[WhiteElo "2257"]
[BlackElo "2252"]
[Result "1-0"]
[Round "07"]
[TimeControl "180+1"]
[Date "2022.10.26"]
[WhiteClock "0:00:59"]
[BlackClock "0:00:58"]

1. e4 e5 2. d4 exd4 3. c3 d5 4. exd5 Qxd5 5. cxd4 Nc6 6. Nf3 Bg4 7. Be2 Bb4+ 8. Nc3 Bxf3 9. Bxf3 Qc4 10. Bxc6+ bxc6 11. Qe2+ Qxe2+ 12. Kxe2 Ne7 13. Kd3 O-O 14. Re1 Rfd8 15. Kc4 Bd6 16. Bg5 f6 17. Be3 Rab8 18. b3 Rb4+ 19. Kd3 c5 20. dxc5 Bxc5+ 21. Kc2 Bxe3 22. Rxe3 Nf5 23. Rd3 Rxd3 24. Kxd3 Rd4+ 25. Ke2 h5 26. Rd1 c6 27. Rxd4 Nxd4+ 28. Kd3 Ne6 29. Ne2 Kf8 30. Nd4 Nxd4 31. Kxd4 Ke7 32. Kc5 Kd7 33. f4 g5 34. fxg5 fxg5 35. h3 h4 36. b4 Kc7 37. a3 Kd7 38. a4 Kc7 39. Kd4 Kb6 40. Ke5 c5 41. bxc5+ Kxc5 42. Kf5 a5 43. Kxg5 Kb4 44. Kxh4 Kxa4 45. g4 Kb3 46. g5 a4 47. g6 a3 48. g7 a2 49. g8=Q+ Kb2 50. Kg5 a1=Q 51. Qg7+ 1-0


[Site "https://www.chess.com"]